 Dungeon Crawl Stone Soup version 0.25.0-26-g0c896c7088 (webtiles) character file.

Game seed: 5669369631649089275

49 MisterFreud the Insei (level 3, -7/29 HPs)
             Began as a Demonspawn Abyssal Knight on July 5, 2020.
             Was a Follower of Lugonu.
             Mangled by an ogre
             ... wielding a +0 giant club
              (11 damage)
             ... on level 2 of the Dungeon.
             The game lasted 00:01:31 (1433 turns).

MisterFreud the Insei (Demonspawn Abyssal Knight)   Turns: 1433, Time: 00:01:32

Health: -7/29      AC:  3    Str: 12    XL:     3   Next: 51%
Magic:  4/4        EV:  7    Int: 14    God:    Lugonu [*.....]
Gold:   106        SH:  0    Dex: 12    Spells: 2/2 levels left

rFire    . . .     SeeInvis .     - Unarmed
rCold    . . .     Gourm    .   (no shield)
rNeg     . . .     Faith    .   a - +0 leather armour
rPois    .         Spirit   .   (helmet restricted)
rElec    .         Reflect  .   (no cloak)
rCorr    .         Harm     .   (no gloves)
MR       .....                  (no boots)
Stlth    +.........             (no amulet)
HPRegen  0.09/turn              g - -4 ring of evasion (curse)
MPRegen  0.09/turn              (no ring)

@: no status effects
A: antennae 1
a: Depart the Abyss, Renounce Religion


You were on level 2 of the Dungeon.
You worshipped Lugonu.
Lugonu was aware of your devotion.
You were not hungry.

You visited 1 branch of the dungeon, and saw 2 of its levels.
You visited the Abyss 1 time.

You collected 106 gold pieces.

Inventory:

Missiles
 j - 11 poisoned darts (quivered)
Armour
 a - a +0 leather armour (worn)
Jewellery
 g - a cursed -4 ring of evasion (left hand)
Scrolls
 c - a scroll of immolation {unknown}
 e - 4 scrolls of teleportation {unknown}
 i - 2 scrolls of identify {unknown}
Potions
 f - 2 potions of curing
 h - a potion of flight {unknown}
Comestibles
 b - 3 rations
 d - 3 chunks of flesh


   Skills:
 - Level 3.0 Fighting
 - Level 1.7 Armour
 - Level 0.8 Dodging
 + Level 3.6 Unarmed Combat
 - Level 2.4 Invocations


You had 2 spell levels left.
You didn't know any spells.
Your spell library was empty.

Dungeon Overview and Level Annotations

Branches:
Dungeon (2/15)

Altars:
Nemelex Xobeh


Innate Abilities, Weirdness & Mutations

You have a pair of small antennae on your head.


Message History

You aren't carrying any items that you can evoke.
Unknown command.
Oops, that ring feels deathly cold.
g - a cursed -4 ring of evasion (left hand)
The ogre barely misses you.
You hit the ogre.
The ogre is lightly wounded.
The ogre hits you with a +0 giant club!!
Ouch! That really hurt!
* * * LOW HITPOINT WARNING * * *
You hit the ogre.
The ogre is moderately wounded.
The ogre barely misses you.
You hit the ogre.
The ogre is moderately wounded.
You aren't carrying any items that you can evoke.
You barely miss the ogre.
The ogre is moderately wounded.
The ogre hits you with a +0 giant club!
You die...

#....# ####### #..#.#
#.....# #..#.#### #
#.....# #..#.#... #.
#.....# #..#.....
#..###.....#####..#.#...
##.................#.#...
#...........####...#.#...
.......O@....[...>...#...
.####.#...#.####.....#...
# #...#.####.....#...
#...#....#.....#...
#...#....+.....#...
#...##...##....#...
#...##...##....#...
.........# #.......
..........# #...###.


You could see an ogre.

Vanquished Creatures
  An adder (D:2)
  An ooze (D:2)
  A worm (D:2)
  2 giant cockroaches
  5 goblins
  6 hobgoblins
  3 kobolds
  4 bats (D:1)
  3 frilled lizards (D:1)
  4 rats
30 creatures vanquished.

Notes
Turn   | Place    | Note
-------+----------+-------------------------------------------
     0 | Abyss:1  | MisterFreud the Demonspawn Abyssal Knight began the quest
                  | for the Orb.
     0 | Abyss:1  | Reached XP level 1. HP: 18/18 MP: 2/2
    71 | Abyss:1  | Noticed a wretched star
    72 | D:1      | Escaped the Abyss
   242 | D:1      | Reached * piety under Lugonu
   402 | D:1      | Gained mutation: You have a pair of small antennae on your
                  | head. [demonic ancestry]
   402 | D:1      | Reached XP level 2. HP: 20/24 MP: 3/3
  1050 | D:2      | Reached XP level 3. HP: 6/29 MP: 4/4
  1284 | D:2      | Found a sparkling altar of Nemelex Xobeh.
  1421 | D:2      | Noticed an ogre
  1433 | D:2      | Mangled by an ogre

Illustrated notes

Levels and vault maps discovered:
D:1:      dpeg_arrival_chambers_temple_mockup, layout_loops_ring
D:2:      layout_basic, overflow_temple_1_default, led_sif_pool, first_ration,
          chequers_ecumenical_altar_twisty, kennysheep_jessica_study

Skill      XL: |  1  2 |
---------------+-------+-----
Unarmed Combat | 2 3 |  3.6
Fighting       | |  3.0
Armour         | |  1.7
Dodging        | |  0.8
Invocations    | |  2.4

Action                   || total
-------------------------++-------
Melee: Unarmed           ||   105
Invok: Depart the Abyss  ||     1
  Use: Potion            ||     1
 Stab: Sleeping          ||     1
  Eat: Chunk             ||     2
Armor: Leather armour    ||    15
Dodge: Dodged            ||    55
